Map: Acid Plant LE

Players

Elazer - Winner!

  • Race: Zerg Zerg
  • Spawn Location: 5:00

lIIllllIIlll (INnoVation)

  • Race: Terran Terran
  • League: Master
  • Spawn Location: 11:00

Event: HomeStory Cup XVIII

VOD

Have the link to the VOD?

Description

Time

  • Played on: Nov. 22, 2018, 1:32 p.m.
  • Length: 19:19

All games in this series

Show
View Real Time Build Order
Export as new Build Order

Elazer Zerg - Winner!

Build Orders: Hatch First 

Get SALT Encoding   

  12  0:00  Drone  
  13  0:12  Overlord  
  13  0:17  Drone  
  14  0:30  Drone x2  
  16  0:47  Hatchery  
  15  0:51  Drone  
  15  0:54  Drone  
  17  0:58  Drone  
  18  1:08  Extractor  
  17  1:13  Spawning Pool  
  17  1:16  Drone  
  17  1:19  Drone  
  18  1:28  Drone  
  19  1:39  Drone  
  20  1:49  Drone  
  21  1:59  Queen  
  21  2:00  Queen, Zergling x4  
  27  2:13  Hatchery  
  26  2:18  Overlord  
  26  2:21  Drone  
  27  2:26  Drone  
  28  2:31  Metabolic Boost  
  28  2:39  Drone x3  
  31  2:45  Queen  
  31  2:50  Overlord  
  33  2:53  Drone  
  33  2:55  Drone  
  35  2:59  Drone  
  36  3:08  Queen  
  36  3:10  Drone x2  
  40  3:13  Drone x2  
  40  3:16  Drone  
  40  3:17  Drone  
  44  3:24  Overlord  
  44  3:26  Queen  
  46  3:31  Zergling x2  
  46  3:32  Zergling x2  
  48  3:36  Drone  
  48  3:38  Overlord  
  48  3:40  Zergling x2  
  49  3:44  Zergling x4  
  49  3:45  Zergling x2  
  49  3:47  Drone x3  
  55  3:52  Queen  
  57  3:56  Drone x2  
  57  3:58  Drone  
  57  4:01  Drone x2  
  62  4:07  Overlord  
  62  4:08  Drone x2  
  62  4:09  Drone  
  65  4:15  Overlord  
  65  4:20  Spore Crawler  
  65  4:21  Evolution Chamber  
  65  4:23  Evolution Chamber, Spore Crawler  
  61  4:24  Drone  
  61  4:25  Drone x2  
  61  4:29  Overlord  
  64  4:31  Zergling x2  
  64  4:33  Drone x2  
  64  4:36  Drone  
  64  4:37  Spore Crawler  
  64  4:38  Drone x2  
  69  4:40  Drone  
  69  4:45  Overlord, Drone x2  
  72  4:48  Extractor  
  72  4:49  Extractor  
  70  4:53  Zerg Ground Armor Level 1, Zerg Melee Weapons Level 1  
  70  4:55  Overlord  
  70  4:57  Drone  
  70  4:59  Drone x2  
  73  5:01  Drone  
  73  5:02  Drone  
  73  5:04  Overlord  
  73  5:06  Drone x2  
  77  5:08  Drone  
  77  5:14  Overlord  
  78  5:15  Overlord  
  78  5:16  Lair  
  78  5:17  Drone  
  78  5:19  Drone  
  80  5:23  Drone x2  
  80  5:24  Extractor, Drone x2  
  80  5:28  Baneling Nest  
  82  5:30  Overlord  
  82  5:39  Zergling x6  
  82  5:40  Zergling x2  
  86  5:45  Overlord  
  86  5:47  Hatchery, Zergling x8  
  89  5:50  Overlord  
  89  5:54  Burrow  
  89  5:56  Overlord  
  89  6:02  Zergling x6  
  91  6:07  Overlord  
  91  6:10  Overlord, Zergling x2  
  91  6:11  Hatchery, Zergling x4  
  92  6:14  Centrifical Hooks  
  92  6:19  Zergling x10  
  92  6:23  Zergling x6  
  92  6:24  Zergling x2  
  101  6:27  Baneling x7  
  101  6:32  Zergling x10  
  106  6:44  Overlord  
  106  6:45  Drone x8  
  114  6:50  Zerg Ground Armor Level 2  
  114  6:54  Zerg Melee Weapons Level 2  
  114  6:55  Zergling x6  
  114  7:00  Overlord  
  115  7:02  Zergling x6  
  115  7:07  Overlord  
  116  7:13  Zergling x12  
  113  7:19  Zergling x4  
  113  7:21  Overseer  
  106  7:28  Zergling x14  
  113  7:35  Overlord  
  113  7:36  Zergling x8  
  116  7:37  Pneumatized Carapace  
  116  7:39  Baneling  
  116  7:40  Baneling  
  115  7:44  Baneling  
  115  7:45  Baneling x5  
  115  7:48  Zergling x2  
  115  7:49  Zergling x8  
  118  7:53  Zergling x10  
  124  7:58  Drone x6  
  124  8:02  Hatchery  
  124  8:07  Overlord  
  124  8:08  Zergling x8  
  127  8:14  Zergling x4  
  127  8:18  Zergling x4  
  126  8:22  Zergling x2  
  126  8:25  Baneling x4  
  118  8:28  Extractor  
  118  8:29  Infestation Pit, Drone  
  118  8:30  Drone x5  
  118  8:32  Zergling x12  
  118  8:33  Baneling  
  118  8:34  Baneling x14  
  123  8:42  Spore Crawler  
  123  8:43  Spore Crawler  
  123  8:45  Zergling x12  
  126  8:52  Zergling x8  
  129  8:56  Zergling x4  
  129  9:02  Zergling x20  
  141  9:04  Baneling x4  
  141  9:05  Baneling x6  
  141  9:06  Zergling x4  
  139  9:12  Zergling x2  
  139  9:13  Zergling x4  
  140  9:20  Zergling x8  
  142  9:27  Hive  
  142  9:28  Overlord  
  141  9:34  Zergling x26  
  141  9:37  Drone x2  
  145  9:40  Drone  
  146  9:45  Baneling  
  146  9:46  Baneling x6  
  146  9:49  Overlord  
  146  9:50  Drone x4  
  147  9:56  Overlord, Zergling x2  
  147  9:57  Zergling x8  
  151  10:05  Zergling x8  
  151  10:06  Zergling x12  
  158  10:11  Hatchery  
  158  10:12  Overlord  
  158  10:14  Zergling x4  
  144  10:23  Zergling x18  
  144  10:25  Drone  
  140  10:37  Zergling x24  
  146  10:43  Zergling x2  
  146  10:44  Zergling x6  
  146  10:48  Zerg Ground Armor Level 3, Zerg Melee Weapons Level 3  
  146  10:49  Adrenal Glands  
  150  10:50  Zergling x14  
  150  10:52  Ultralisk Cavern  
  150  10:54  Baneling  
  150  10:55  Baneling x7  
  150  10:56  Zergling x6  
  155  11:05  Zergling x8  
  155  11:08  Zergling x4  
  148  11:12  Zergling x8  
  148  11:14  Baneling x13  
  144  11:22  Zergling x6  
  121  11:27  Zergling x8  
  121  11:28  Zergling x20  
  129  11:36  Zergling x2  
  129  11:39  Zergling x2  
  119  11:40  Zergling x8  
  119  11:43  Baneling x6  
  119  11:46  Zergling x2  
  122  11:47  Overseer  
  122  11:48  Overseer  
  122  11:50  Zergling x10  
  122  11:52  Chitinous Plating  
  127  11:54  Overseer  
  121  12:02  Ultralisk  
  121  12:03  Ultralisk x2  
  121  12:04  Zergling x8  
  121  12:06  Baneling x2  
  139  12:11  Zergling x16  
  139  12:16  Zergling x10  
  133  12:25  Zergling x14  
  133  12:30  Zergling x12  
  133  12:31  Zergling x4  
  141  12:37  Zergling x10  
  141  12:39  Zergling x2  
  141  12:40  Zergling x4  
  148  12:47  Ultralisk  
  153  12:57  Zergling x18  
  153  13:01  Zergling x2  
  153  13:02  Zergling x4  
  154  13:07  Zergling x2  
  154  13:08  Zergling x10  
  154  13:10  Zergling x4  
  158  13:14  Zergling x6  
  158  13:19  Anabolic Synthesis  
  123  13:30  Hatchery  
  114  13:39  Ultralisk x2  
  119  13:44  Viper  
  119  13:45  Viper  
  106  14:03  Ultralisk x2  
  106  14:04  Zergling x14  
  125  14:11  Zergling x12  
  125  14:15  Baneling x6  
  131  14:18  Zergling x2  
  131  14:19  Zergling x6  
  134  14:27  Drone x4  
  134  14:28  Drone x3  
  141  14:35  Drone  
  141  14:36  Drone x4  
  141  14:37  Baneling x7  
  141  14:38  Baneling  
  146  14:40  Zergling x2  
  146  14:41  Zergling x4  
  146  14:43  Overseer  
  149  14:46  Zergling x2  
  149  14:47  Zergling x6  
  153  14:55  Spore Crawler  
  146  15:01  Drone x7  
  146  15:04  Zergling x2  
  146  15:05  Zergling x12  
  160  15:13  Zergling x18  
  169  15:19  Baneling x9  
  169  15:25  Spore Crawler  
  169  15:26  Spore Crawler  
  167  15:35  Zergling x20  
  177  15:41  Drone x7  
  169  15:44  Hatchery  
  160  15:54  Drone x3  
  160  16:00  Overlord  
  160  16:02  Zergling x24  
  169  16:09  Baneling x4  
  169  16:10  Baneling x4  
  169  16:11  Zergling x16  
  177  16:17  Baneling x5  
  177  16:19  Zergling x12  
  177  16:21  Baneling  
  177  16:22  Baneling x6  
  178  16:33  Unknown  
  157  16:40  Zergling x40  
  157  16:43  Zergling x2  
  157  16:44  Zergling x4  
  166  16:47  Unknown  
  166  16:48  Zergling x2  
  166  16:49  Zergling x4  
  160  16:58  Overlord  
  160  16:59  Ultralisk x2  
  155  17:15  Zergling x32  
  146  17:20  Ultralisk  
  144  17:31  Zergling x16  
  144  17:36  Zergling x4  
  138  17:53  Zergling x24  
  138  17:58  Ultralisk x2  
  138  18:01  Unknown  
  131  18:10  Ultralisk x3  
  137  18:18  Zergling x8  
  137  18:19  Zergling x2  
  140  18:26  Zergling x12  
  138  18:34  Zergling x16  
  138  18:38  Hatchery  
  142  18:42  Zergling x14  
  142  18:48  Baneling x9  
  148  18:53  Zergling x10  
  153  18:56  Zergling x6  
  153  18:59  Zergling x6  
Show
View Real Time Build Order
Export as new Build Order

lIIllllIIlll Terran 

Build Orders: Gas First Reaper Expand, Reaper Expand 

Get SALT Encoding   

  12  0:00  SCV  
  13  0:12  SCV  
  14  0:17  Supply Depot  
  14  0:24  SCV  
  15  0:28  Refinery  
  15  0:39  SCV  
  16  0:44  Barracks  
  16  0:51  SCV  
  17  1:03  SCV  
  18  1:15  SCV  
  19  1:31  Reaper, Orbital Command  
  20  1:43  Command Center  
  20  1:53  Factory  
  20  1:57  SCV  
  21  2:06  Barracks Reactor  
  21  2:09  SCV  
  21  2:11  Supply Depot  
  21  2:15  Refinery  
  22  2:21  SCV  
  23  2:33  SCV  
  24  2:42  Starport  
  24  2:45  Hellion x2, SCV  
  29  2:54  Orbital Command  
  29  2:57  SCV, Barracks Tech Lab  
  30  3:06  Hellion  
  30  3:07  Hellion  
  30  3:09  SCV  
  35  3:18  Viking  
  37  3:20  SCV  
  37  3:21  SCV  
  37  3:26  Stimpack  
  39  3:31  Supply Depot  
  39  3:33  SCV  
  39  3:34  SCV  
  41  3:46  SCV x2  
  43  3:54  Command Center  
  43  3:58  SCV x2  
  45  4:03  Barracks  
  45  4:09  Starport Reactor, Barracks  
  45  4:10  SCV x2  
  45  4:15  Supply Depot  
  45  4:16  Marine  
  48  4:19  Factory Tech Lab  
  48  4:22  SCV x2  
  50  4:31  Supply Depot  
  50  4:34  Engineering Bay  
  50  4:35  Engineering Bay  
  50  4:36  SCV  
  50  4:37  SCV  
  52  4:45  Marine  
  52  4:48  SCV  
  52  4:49  SCV  
  52  4:52  Starport Reactor  
  55  4:53  Marine x2  
  57  5:00  SCV  
  57  5:01  Terran Infantry Weapons Level 1, Terran Infantry Armor Level 1, SCV  
  57  5:03  Refinery  
  57  5:04  Refinery  
  57  5:05  Marine x3  
  62  5:09  Orbital Command  
  62  5:13  SCV x2  
  64  5:20  Marine x2  
  66  5:21  Supply Depot  
  66  5:22  Factory Reactor, Marine  
  66  5:25  SCV x2  
  66  5:26  Combat Shield  
  69  5:31  Medivac x2  
  73  5:37  SCV  
  73  5:38  Marine x4, SCV  
  73  5:39  Orbital Command  
  79  5:45  Supply Depot  
  79  5:49  SCV  
  80  5:50  SCV  
  80  5:55  Supply Depot  
  81  5:57  Marine x5  
  81  5:59  Widow Mine x2  
  81  6:01  SCV  
  81  6:02  SCV  
  92  6:07  SCV  
  92  6:10  Armory  
  93  6:14  SCV x2  
  93  6:15  Marine x5  
  100  6:19  Barracks  
  100  6:21  Barracks  
  100  6:24  SCV  
  100  6:25  Factory  
  101  6:26  SCV x2  
  103  6:32  Marine  
  103  6:34  Supply Depot  
  103  6:35  Supply Depot  
  103  6:36  Refinery  
  103  6:37  Widow Mine x2  
  108  6:41  SCV  
  109  6:47  Supply Depot  
  109  6:56  Marine x5, SCV x2  
  109  6:58  Supply Depot x2  
  109  6:59  Widow Mine x2  
  120  7:02  SCV  
  120  7:05  Terran Infantry Weapons Level 2  
  123  7:08  SCV x2  
  123  7:11  Terran Infantry Armor Level 2  
  112  7:17  Barracks Reactor  
  112  7:18  Marine x4, Barracks Reactor  
  112  7:19  Marine  
  112  7:20  Drilling Claws  
  112  7:22  Widow Mine x2  
  118  7:27  SCV x2  
  118  7:30  Medivac x2  
  118  7:35  SCV  
  118  7:36  Supply Depot  
  123  7:39  Widow Mine, SCV  
  123  7:40  SCV  
  123  7:43  Widow Mine x2  
  131  7:47  SCV  
  127  7:51  SCV  
  127  7:52  SCV  
  129  7:59  Supply Depot  
  129  8:00  Medivac x2  
  129  8:01  Barracks  
  129  8:02  Barracks  
  132  8:07  Barracks  
  132  8:08  Supply Depot  
  132  8:09  Supply Depot  
  132  8:11  Widow Mine x2  
  136  8:13  Widow Mine  
  132  8:21  SCV x3  
  127  8:31  Supply Depot x2, Refinery  
  125  8:44  Marine x6, Marauder, Medivac  
  125  8:45  Medivac  
  125  8:46  Widow Mine x3  
  143  8:50  Barracks Tech Lab  
  143  8:51  Terran Vehicle And Ship Armor Level 1, Barracks Tech Lab  
  138  9:02  Marine  
  138  9:03  Marine x8  
  138  9:05  Marauder  
  138  9:08  SCV x3  
  138  9:16  Widow Mine x2  
  131  9:20  SCV x3  
  131  9:22  Medivac x2  
  133  9:32  SCV x3  
  133  9:36  Widow Mine  
  133  9:37  Widow Mine  
  136  9:45  SCV x3  
  136  9:52  Medivac x2  
  131  9:57  SCV x3  
  131  9:59  Terran Infantry Weapons Level 3  
  136  10:03  Terran Infantry Armor Level 3  
  136  10:05  Widow Mine  
  136  10:07  Widow Mine  
  138  10:09  Widow Mine  
  135  10:22  Medivac x2  
  135  10:23  SCV x3  
  135  10:27  Widow Mine  
  135  10:28  Widow Mine  
  138  10:31  Widow Mine  
  138  10:33  Marauder x3, Marine x8  
  138  10:34  Barracks Tech Lab  
  155  10:48  Widow Mine  
  155  10:49  Widow Mine  
  148  10:51  Command Center  
  148  10:52  Widow Mine, Marauder  
  148  10:53  Concussive Shells  
  148  10:54  Marauder x3  
  158  10:57  Medivac x2  
  152  11:13  Widow Mine x2  
  152  11:14  Widow Mine, Marauder, Marine x5  
  152  11:15  Marine x2, Marauder  
  152  11:16  Marauder x2  
  158  11:29  Medivac x2  
  159  11:32  Marine  
  159  11:33  Marine  
  159  11:35  Marine x2, Marauder  
  159  11:37  Marauder x2  
  145  11:44  Widow Mine x2  
  145  11:45  Widow Mine  
  151  11:47  Marauder  
  151  11:49  Marine  
  151  11:50  Marine  
  155  11:55  Marine  
  155  11:56  Marine  
  155  11:57  Marauder  
  155  11:58  Marauder  
  154  12:10  Widow Mine x3  
  150  12:16  Medivac x2  
  150  12:17  SCV x2  
  150  12:18  SCV  
  150  12:27  Marauder x3  
  146  12:31  Widow Mine x3  
  151  12:39  SCV  
  151  12:40  SCV x2  
  151  12:44  Marauder  
  156  12:46  Marine  
  156  12:47  Marine x3  
  156  12:48  Marauder x2  
  138  13:07  Marine x4, Marauder x2  
  138  13:08  Marine  
  138  13:09  Marauder  
  138  13:12  Widow Mine x2  
  126  13:20  Orbital Command  
  126  13:22  SCV x2  
  126  13:24  Marine, Marauder  
  126  13:25  Marine  
  117  13:34  SCV x2  
  117  13:38  Planetary Fortress  
  112  13:45  SCV  
  112  13:46  SCV  
  114  13:52  Widow Mine x2  
  114  13:53  Widow Mine, Unknown  
  114  13:54  Unknown  
  112  13:56  Marauder  
  112  14:01  SCV  
  108  14:13  Marauder  
  108  14:14  Widow Mine  
  108  14:16  SCV x3  
  113  14:23  SCV  
  114  14:24  Liberator x2  
  114  14:28  SCV x3  
  114  14:30  Marine x4, Marauder x2  
  125  14:33  Widow Mine  
  125  14:35  Widow Mine x2, SCV  
  132  14:43  Marauder  
  132  14:44  Marine x2  
  142  14:47  SCV  
  142  14:54  Widow Mine  
  142  14:56  Widow Mine x2  
  142  14:58  Marauder x2  
  148  15:03  Marine x3  
  148  15:04  Marauder  
  153  15:08  SCV x2  
  153  15:11  Liberator  
  153  15:13  Marine  
  156  15:18  Barracks  
  156  15:26  Supply Depot  
  156  15:27  Supply Depot  
  156  15:28  Marine  
  156  15:29  Widow Mine, Marauder  
  156  15:32  Orbital Command  
  156  15:35  Supply Depot  
  164  15:39  Liberator  
  164  15:49  Marauder  
  156  15:50  Marine  
  156  15:55  Widow Mine  
  156  15:56  Supply Depot, Widow Mine  
  159  15:57  Supply Depot, Widow Mine  
  159  15:58  Supply Depot, Marine x2, Marauder x2  
  157  16:05  SCV x3  
  157  16:10  Marauder  
  157  16:11  Marauder  
  164  16:18  Widow Mine x2, Marine x2  
  170  16:19  Marauder  
  170  16:21  Widow Mine  
  174  16:28  Marauder, Marine  
  174  16:29  Marine  
  174  16:32  Marauder x2  
  155  16:40  Widow Mine x2  
  155  16:42  Widow Mine  
  155  16:44  Marine x3, Marauder  
  152  16:49  Marauder  
  152  16:52  Medivac x2  
  154  16:56  Marauder x2  
  156  17:02  Widow Mine  
  156  17:04  Widow Mine x2  
  112  17:15  Marauder, Marine  
  112  17:16  Marauder, Marine x7  
  112  17:17  Marauder  
  116  17:25  Widow Mine  
  116  17:26  Widow Mine x2  
  116  17:27  Medivac  
  116  17:29  Orbital Command  
  124  17:32  Medivac  
  126  17:39  Marine  
  126  17:40  Marauder  
  118  17:51  Marine, Marauder x3  
  103  18:00  Marine, Medivac  
  103  18:01  Marine  
  103  18:02  Medivac  
  103  18:03  Unknown  
  103  18:04  Unknown x6  
  88  18:08  Marine  
  88  18:09  Marine x4  
  88  18:12  Marine x3  
  84  18:15  Marine  
  84  18:16  Marine  
  84  18:18  Marine  
  85  18:22  SCV  
  85  18:23  SCV  
  85  18:25  Marine  
  85  18:26  Marine x2, Refinery x2  
  89  18:27  Marine  
  89  18:33  Marine x5  
  89  18:35  SCV  
  83  18:42  SCV  
  83  18:46  SCV  
  83  18:47  Refinery x2, SCV  
  86  18:52  Widow Mine  
  86  18:54  Marine x7, SCV  
  96  18:58  SCV  
  96  18:59  SCV  
  98  19:06  SCV  
Tags
 
Add a new tag
Caveats
  • Supply blocks, unpowered buildings, or Contaminate may cause inaccurate times.
  • Supply counts are checked every 10 seconds.